 Dungeon Crawl Stone Soup version 0.32-a0-42-ga30500b4d3 (webtiles) character file.

Game seed: 3251757124917031625

23 Atlas the Digger (level 2, 0/19 HPs)
             Began as a Demonspawn Earth Elementalist on Jan 31, 2024.
             Slain by a goblin
             ... wielding a +0 quarterstaff
              (6 damage)
             ... on level 1 of the Dungeon.
             The game lasted 00:00:33 (314 turns).

Atlas the Digger (Demonspawn Earth Elementalist)     Turns: 314, Time: 00:00:33

Health: 0/19       AC:  2    Str:  8    XL:     2   Next: 72%
Magic:  5/5        EV: 12    Int: 15    God:
Gold:   51         SH:  0    Dex: 13    Spells: 4/5 levels left

rFire   . . .        (no weapon)
rCold   . . .        (no shield)
rNeg    . . .        a - +0 robe
rPois   .            (no helmet)
rElec   .            (no cloak)
rCorr   .            (no gloves)
SInv    .            (no boots)
Will    .....        (no amulet)
Stlth   ++           (no ring)
HPRegen 0.23/turn    (no ring)
MPRegen 0.09/turn

%: no passive effects
@: no status effects
A: demonic guardian 1
a: no special abilities


You were on level 1 of the Dungeon.
You visited 1 branch of the dungeon, and saw 1 of its levels.

You collected 51 gold pieces.

Inventory:

Armour
 a - a +0 robe (worn)
Potions
 b - a potion of magic
 c - a potion of resistance {unknown}
 d - a potion of heal wounds {unknown}


   Skills:
 + Level 1.7 Dodging
 + Level 2.3 Stealth
 + Level 2.1 Spellcasting
 + Level 1.0 Conjurations
 + Level 3.2 Earth Magic


You had 4 spell levels left.
You knew the following spells:

 Your Spells              Type           Power      Damage    Failure   Level
a - Sandblast             Erth           22%        2d7       6%          1

Your spell library contained the following spells:

 Spells                   Type           Power      Damage    Failure   Level
 Passwall                 Erth           11%        N/A       17%         3
 Stone Arrow              Conj/Erth      16%        3d8       26%         3
 Lesser Beckoning         Tloc           2%         N/A       32%         2
 Gell's Gravitas          Tloc           1%         N/A       54%         3
 Teleport Other           Tloc           1%         N/A       54%         3
 Brom's Barrelling Bould  Conj/Erth      8%         2d3       65%         4
 Petrify                  Alch/Erth      6%         N/A       75%         4


Dungeon Overview and Level Annotations

Branches:
Dungeon (1/15)

Altars:


Innate Abilities, Weirdness & Mutations

A weak demonic guardian rushes to your aid.


Message History

Your shadow imp barely misses the ball python.
The ball python misses you. x2
The dart slug launches a dart at you. The slug dart hits you.
* * * LOW HITPOINT WARNING * * *
A demonic guardian appears!
The ball python closely misses you. The ball python barely misses you.
Your shadow imp barely misses the ball python.
The ball python bites you.
* * * LOW HITPOINT WARNING * * *
The ball python grabs you. The ball python constricts you.
* * * LOW HITPOINT WARNING * * *
The dart slug closely misses you.
Your shadow imp hits the ball python.
The ball python dies!
The dart slug closely misses you.
Your ufetubus hits the dart slug but does no damage.
Your ufetubus hits the dart slug.
Your shadow imp hits the dart slug.
Your ufetubus hits the dart slug.
The dart slug dies!
Unknown command.
A goblin comes into view. It is wielding a +0 quarterstaff.
A goblin is nearby!
Found a dagger.
Your shadow imp disappears in a puff of smoke!
Your ufetubus barely misses the goblin.
Your ufetubus hits the goblin.
Your ufetubus barely misses the goblin.
Your ufetubus closely misses the goblin.
The goblin misses your ufetubus.
Your ufetubus closely misses the goblin.
Your ufetubus barely misses the goblin.
The goblin hits your ufetubus with a +0 quarterstaff!
You swap places.
The goblin barely misses you.
You barely miss the goblin.
The goblin is heavily wounded.
The goblin hits you with a +0 quarterstaff.
You barely miss the goblin.
The goblin is moderately wounded.
Your ufetubus disappears in a puff of smoke!
The goblin hits you with a +0 quarterstaff.
You die...

# ####.........#
#$##...##.##
...##...##...
######.?..#..##
#..#.#...#
#..>.#...#
###†#.##...
####.....##.#)###.
#........§@g......
#.##.######.#.####
# #. .# #. .# # .#
.# .. ..


You could see a goblin.

Vanquished Creatures
  A giant cockroach (D:1)
  2 goblins (D:1)
  A hobgoblin (D:1)
  A kobold (D:1)
  A bat (D:1)
  2 frilled lizards (D:1)
8 creatures vanquished.

Vanquished Creatures (collateral kills)
  A gnoll (D:1)
  A dart slug (D:1)
  A giant cockroach (D:1)
  A ball python (D:1)
4 creatures vanquished.

Grand Total: 12 creatures vanquished

Notes
Turn   | Place    | Note
-------+----------+-------------------------------------------
     0 | D:1      | Atlas the Demonspawn Earth Elementalist began the quest for
                  | the Orb.
     0 | D:1      | Reached XP level 1. HP: 13/13 MP: 3/3
   166 | D:1      | Reached skill level 3 in Earth Magic
   183 | D:1      | Gained mutation: A weak demonic guardian rushes to your
                  | aid. [demonic ancestry]
   183 | D:1      | Reached XP level 2. HP: 19/19 MP: 0/5
   314 | D:1      | Slain by a goblin

Illustrated notes

Levels and vault maps discovered:
D:1:      roderic_dead_forest, layout_loops_ring, minmay_distorted

Skill      XL: |  1  2 |
---------------+-------+-----
Earth Magic    | 3 |  3.2
Stealth        | 2 |  2.3
Dodging        | |  1.7
Spellcasting   | |  2.1
Conjurations   | |  1.0

Action                     || total
---------------------------++-------
  Melee: Unarmed           ||     2
   Cast: Sandblast         ||     8
 Armour: Robe              ||    24
  Dodge: Dodged            ||    22

Table legend: (Time is in decaauts)
 A = Elapsed time spent in this place.
 B = Non-inter-level travel time spent in this place.
 C = Inter-level travel time spent in this place.
 D = Time resting spent in this place.
 E = Time spent auto-exploring this place.
 F = Levels seen in this place.
 G = Mean time per level.
                   A        B        C        D        E       F      G
               +--------+--------+--------+--------+--------+-----+--------+
         Total |    318 |    318 |      0 |      0 |    208 |   1 |  318.0 |
       Dungeon |    318 |    318 |      0 |      0 |    208 |   1 |  318.0 |
               +--------+--------+--------+--------+--------+-----+--------+

Top non-repeatable levels by time:
     D:1: 318 daAuts
